[Event "51st La Roda Open 2025"]
[Site "La Roda"]
[Date "2025.04.15"]
[Round "1.1"]
[White "Pranav Vijay"]
[Black "Pastor Villalba, Arturo"]
[Result "1-0"]
[Annotator "RC"]
[ECO "C41"]
[WhiteElo "2252"]
[BlackElo "1907"]
[PlyCount "29"]
[EventDate "2025.04.15"]
[EventType "swiss"]
[EventCountry "ESP"]
[SourceTitle "playchess.com"]
[Source "ChessBase"]
[SourceQuality "1"]
[TimeControl "5400+30"]

1. e4 d6 2. d4 Nf6 3. Nc3 e5 4. Nf3 Nbd7 5. Bc4 Be7 6. O-O O-O 7. Re1 c6 8. a4 a5 9. h3 exd4 10. Nxd4 Nc5 11. Qf3 Be6 12. Ba2 Nfd7 13. Be3 Qb6 14. Qg3 Rfe8 15. Nxe6 1-0

[Event "51st La Roda Open 2025"]
[Site "La Roda"]
[Date "2025.04.15"]
[Round "1.2"]
[White "Garcia-Ballesteros Banos, Juan A"]
[Black "Gumularz, Szymon"]
[Result "0-1"]
[Annotator "TA"]
[ECO "B15"]
[WhiteElo "1903"]
[BlackElo "2604"]
[PlyCount "94"]
[EventDate "2025.04.15"]
[EventType "swiss"]
[EventCountry "ESP"]
[SourceTitle "playchess.com"]
[Source "ChessBase"]
[SourceQuality "1"]
[TimeControl "5400+30"]

1. e4 g6 2. d4 Bg7 3. Nc3 c6 4. f4 d5 5. Nf3 dxe4 6. Nxe4 {[%emt 0:00:15] B15: Caro-Kann: 3 Nc3: 3...g6 and 3...dxe4 4 Nxe4 Nf6 5 Nxf6+ exf6.} Nd7 7. Bd3 Ngf6 8. c3 {[%emt 0:00:41] The position is equal.} Nxe4 9. Bxe4 O-O 10. Ne5 $146 (10. Bc2 Nf6 11. Ne5 Bf5 12. Bxf5 gxf5 13. Be3 Qd5 14. O-O Ne4 15. Qh5 f6 16. Nf3 {½-½ Snape,I (2112)-Shephard,C (2203) ENG Chessable-ch Seniors 65+ 2022 (6)}) 10... Nf6 11. Bf3 Be6 12. O-O Bd5 13. Qc2 e6 14. Be3 Rc8 15. a4 Qc7 16. a5 Rfd8 17. Be2 Be4 18. Qc1 Nd5 19. c4 Ne7 20. Bf2 Nf5 {[%emt 0:01:21] Inhibits Qe3.} 21. Qc3 c5 (21... f6 {simplifies} 22. Nd3 Qd6 23. Bg4 Bxd3 24. Qxd3 Qxf4 25. Bxf5 gxf5 26. Qb3 Qc7) 22. dxc5 g5 23. g3 gxf4 24. gxf4 Kh8 25. Bh5 (25. b4 $11) 25... Rg8 $17 26. Bg3 Qxc5+ $40 {[%emt 0:01:08][%mdl 128] Black attacks with force.} 27. Rf2 Bxe5 28. fxe5 {[%emt 0:03:39][%mdl 8192] White does not recover from this.} (28. Qxe5+ $17 Rg7 (28... Qxe5 29. fxe5 Nxg3 30. hxg3 $19) 29. Rd1) 28... Rg7 (28... Qxc4 29. Qxc4 Rxc4 30. Bxf7 $14) 29. Re1 $2 {[%emt 0:03:09] [#]} (29. Ra3) 29... Rcg8 $1 $19 30. Kf1 (30. Rxe4 Nxg3) 30... Rxg3 31. hxg3 Nxg3+ 32. Qxg3 Rxg3 33. Rxe4 Qxa5 34. Rxf7 (34. Bxf7 $142 Qa1+ 35. Re1) 34... Qa1+ 35. Re1 {[%emt 0:01:11] [#]} Rg1+ $3 36. Kxg1 Qxe1+ {[%emt 0:00:04][%mdl 4096] Endgame KQ-KRB} 37. Kg2 Qxe5 38. Bf3 Qxb2+ 39. Kg3 Qe5+ 40. Kf2 Qd4+ 41. Kg3 Qxc4 42. Rxb7 a5 {[%emt 0:00:08] and ...a4 should not be overlooked} 43. Bg4 a4 44. Kh4 a3 (44... h5 $142 45. Kxh5 Qd5+ 46. Kg6 Qxb7 47. Bxe6 Qf3 48. Bf7 a3 (48... Qxf7+ 49. Kxf7 a3 50. Ke6 a2 51. Kd5 a1=Q 52. Kc4 Kg7 53. Kd3 Qd1+ 54. Kc4 Kf6 55. Kc5 Ke6 56. Kc4 Kd6 57. Kb4 Qd3 58. Ka5 Kc5 59. Ka4 Qh3 60. Ka5 Qa3#) 49. Be6 Qf2 (49... Qe4+ $2 50. Kf6 $19) (49... a2 50. Bxa2 Qg2+ 51. Kh6 Qxa2 52. Kg5 Qd2+ 53. Kg4 Qe3 54. Kh4 Kh7 55. Kh5 Qg1 56. Kh4 Kg6 57. Kh3 Kf5 58. Kh4 Qh2#) 50. Bd5 a2 51. Bxa2 Qxa2 52. Kg5 Qd2+ 53. Kg4 Qe3 54. Kh4 Kh7 55. Kh5 Qg1 56. Kh4 Kg6 57. Kh3 Kf5 58. Kh4 Qh2#) 45. Kg5 Qd5+ {[%emt 0:00:05] Black mates.} 46. Kh6 Qxb7 47. Bxe6 Qg7+ {[%emt 0:00:20] Weighted Error Value: White=1.28/Black=0.38  Loses game:     	White=1     	---        Mistake:       	White=2     	---        Inaccurate:     	White=3     	Black=2      OK:         	White=7     	Black=8      Best:        	White=3     	Black=2} (47... Qe7 $142 48. Kh5 Qxe6 49. Kg5 a2 50. Kh5 a1=Q (50... a1=B {leads to mate.} 51. Kh4 Be5 52. Kg5 Bg3 53. Kh5 Qg6#) 51. Kh4 Qg6 52. Kh3 Qh1#) 0-1

[Event "51st La Roda Open 2025"]
[Site "La Roda"]
[Date "2025.04.15"]
[Round "1.3"]
[White "Albornoz Cabrera, Carlos Daniel"]
[Black "Moraes, Antonio Jose Oliveir"]
[Result "1-0"]
[Annotator "TA"]
[ECO "B12"]
[WhiteElo "2561"]
[BlackElo "1903"]
[PlyCount "35"]
[EventDate "2025.04.15"]
[EventType "swiss"]
[EventCountry "ESP"]
[SourceTitle "playchess.com"]
[Source "ChessBase"]
[SourceQuality "1"]
[TimeControl "5400+30"]

1. e4 c6 2. d4 d5 3. e5 c5 4. dxc5 e6 5. Bd3 Bxc5 6. Qg4 Ne7 7. b4 Bb6 8. Nf3 {[%emt 0:00:04][%cal Bg1f3,Bf3e5,Be5c6][%mdl 32] The position is equal.} Ng6 9. h4 {[%emt 0:01:51][%cal Bh2h4,Bh4h5][%mdl 32] h5 would now be deadly.} Nc6 {[%emt 0:04:57] [#]} (9... Qc7 $11 {remains equal.}) 10. h5 $1 $16 Ngxe5 11. Nxe5 Qf6 (11... Nxe5 12. Qxg7 Nxd3+ 13. cxd3 $18) 12. Nxc6 Qxa1 {[%emt 0:04:04][%mdl 8192] [#] This costs Black the game.} (12... bxc6 $16 {is a better chance.} 13. c3 Bxf2+ 14. Kd1 e5) 13. c3 $1 $18 Qxa2 ({Much worse is} 13... bxc6 14. Qxg7) (13... Rg8 $142 14. Ne5 (14. Bxh7 bxc6 15. O-O Ba6 $16) 14... Bc7) 14. Qxg7 bxc6 15. Qxh8+ Kd7 16. Qf6 (16. Bxh7 $2 {too greedy.} Ba6 17. Qe5 f6 $19) 16... Ke8 17. Bg5 Qc2 18. Qe7# {[%emt 1:06:36] Weighted Error Value: White=0.11 (very precise) /Black=1.04.  Loses game:     	---       	Black=1      Mistake:       	---       	Black=2      Inaccurate:     	White=1     	---        OK:         	White=3     	Black=5      Best:        	White=1     	---        Strong:       	White=2     	---} 1-0

[Event "51st La Roda Open 2025"]
[Site "La Roda"]
[Date "2025.04.15"]
[Round "1.4"]
[White "Fuentes de Nova, Sebastian"]
[Black "Fier, Alexandr"]
[Result "0-1"]
[Annotator "TA"]
[ECO "A76"]
[WhiteElo "1902"]
[BlackElo "2534"]
[PlyCount "50"]
[EventDate "2025.04.15"]
[EventType "swiss"]
[EventCountry "ESP"]
[SourceTitle "playchess.com"]
[Source "ChessBase"]
[SourceQuality "1"]
[TimeControl "5400+30"]

1. d4 Nf6 2. c4 c5 3. d5 e6 4. Nc3 exd5 5. cxd5 d6 6. e4 g6 7. Nf3 Bg7 8. Be2 O-O 9. O-O Re8 10. Qc2 Bg4 11. Bg5 Nbd7 12. h3 Bxf3 13. Bxf3 a6 14. a4 Rc8 15. Rfe1 c4 16. Be3 Nc5 {[%emt 0:00:27] Black is slightly better.} 17. Bxc5 Rxc5 18. Ne2 ({White should play} 18. Qd2) 18... Nd7 $17 19. Rad1 {[%emt 0:06:11] [#]} (19. Ng3 $17) 19... Ne5 $1 $19 20. Nd4 (20. b4 {keeps fighting.} Rc7 21. Ng3) 20... Nd3 21. Rxd3 (21. Ne2 $142) 21... cxd3 22. Qxd3 Rxd5 23. exd5 {[%emt 0:00:41] [#] Strongly threatening Rb1.} Rxe1+ 24. Kh2 Be5+ 25. g3 Qb6 {[%emt 0:00:05][%csl LRb2,LRd4] Black took control after the opening.   Weighted Error Value: White=0.63/Black=0.29 (precise) .  Mistake:       	White=4     	---        Inaccurate:     	White=3     	---        OK:         	White=1     	Black=7      Best:        	White=1     	Black=1} 0-1

[Event "51st La Roda Open 2025"]
[Site "La Roda"]
[Date "2025.04.15"]
[Round "1.5"]
[White "Suleymenov, Alisher"]
[Black "Rubio Sureda, Alejandro"]
[Result "1-0"]
[Annotator "RC"]
[ECO "B12"]
[WhiteElo "2478"]
[BlackElo "1891"]
[PlyCount "87"]
[EventDate "2025.04.15"]
[EventType "swiss"]
[EventCountry "ESP"]
[SourceTitle "playchess.com"]
[Source "ChessBase"]
[SourceQuality "1"]
[TimeControl "5400+30"]

1. e4 c6 2. d4 d5 3. e5 c5 4. dxc5 e6 5. a3 Bxc5 6. Qg4 Ne7 7. Bd3 Qb6 8. Nf3 Bxf2+ 9. Ke2 Nbc6 10. Nc3 Nd4+ 11. Kf1 Bd7 12. Qxg7 O-O-O 13. Qf6 Nef5 14. Nxd5 Qc5 15. b4 Qxd5 16. c4 Qc6 17. Kxf2 Rhg8 18. Bg5 h6 19. Nxd4 Nxd4 20. Qxh6 Be8 21. Qf6 Rd7 22. h4 Nf5 23. Rad1 a6 24. Bxf5 exf5 25. Qxc6+ bxc6 26. Rxd7 Bxd7 27. Bf6 Rg6 28. h5 Rh6 29. Bg7 Rh7 30. h6 Be6 31. Rc1 Kc7 32. Ke3 Kb6 33. Kd4 Bd7 34. Rb1 Be6 35. a4 Bd7 36. a5+ Kc7 37. Kc5 Be8 38. Rd1 Bd7 39. Rd6 Be8 40. Rf6 Bd7 41. Rxf7 Kc8 42. Kd6 Be8 43. Rf8 Kd8 44. e6 1-0

[Event "51st La Roda Open 2025"]
[Site "La Roda"]
[Date "2025.04.15"]
[Round "1.6"]
[White "Herrero Pena, Laura"]
[Black "Lopez Martinez, Josep Manuel"]
[Result "0-1"]
[Annotator "RC"]
[ECO "B12"]
[WhiteElo "1886"]
[BlackElo "2460"]
[PlyCount "162"]
[EventDate "2025.04.15"]
[EventType "swiss"]
[EventCountry "ESP"]
[SourceTitle "playchess.com"]
[Source "ChessBase"]
[SourceQuality "1"]
[TimeControl "5400+30"]

1. e4 c6 2. d4 d5 3. e5 Bf5 4. Nd2 e6 5. Nb3 Nd7 6. Nf3 a6 7. Be2 c5 8. c3 c4 9. Nbd2 f6 10. O-O Qc7 11. Re1 fxe5 12. Nxe5 Nxe5 13. dxe5 Bc5 14. Nf3 Ne7 15. Nd4 O-O 16. Bg4 Bxd4 17. cxd4 Bxg4 18. Qxg4 Nf5 19. b3 cxb3 20. axb3 Qc3 21. Ba3 Rf7 22. Bc5 Qxb3 23. Rab1 Qa4 24. Rb6 Rc8 25. Qd1 Qd7 26. Qb3 Rc6 27. Rb1 Rxb6 28. Qxb6 h5 29. h3 g5 30. g3 g4 31. h4 Ng7 32. Qa5 Rf3 33. Rb2 Kh7 34. Rb6 Rf7 35. Qb4 Qc8 36. Qb1+ Kg8 37. Qb4 Rc7 38. Kg2 Nf5 39. Qd2 Rg7 40. Qb2 Qd7 41. Qb4 Qf7 42. Qb3 Kh8 43. Kf1 Qd7 44. Kg1 Qc8 45. Qb4 Rc7 46. Kg2 Kg8 47. Kh2 Qd7 48. Qb3 Qf7 49. Kg2 Ng7 50. Kg1 Rd7 51. Bd6 Qf3 52. Rxb7 Rxb7 53. Qxb7 Qd1+ 54. Kg2 Qxd4 55. Qxa6 Qe4+ 56. Kg1 Qb1+ 57. Kg2 Qg6 58. Qc8+ Qe8 59. Qxe8+ Nxe8 60. Bc5 Kf7 61. f3 Kg6 62. fxg4 hxg4 63. Kf2 Kf5 64. Bd4 Ng7 65. Ke3 Nh5 66. Kf2 Ke4 67. Bb2 d4 68. Bc1 Kxe5 69. Bd2 Ke4 70. Be1 Kd3 71. Kf1 e5 72. Bf2 e4 73. Be1 e3 74. Kg2 Ke2 75. Bb4 d3 76. Bc3 d2 77. Bxd2 exd2 78. Kg1 d1=Q+ 79. Kg2 Qf1+ 80. Kh2 Qf2+ 81. Kh1 Nxg3# 0-1

[Event "51st La Roda Open 2025"]
[Site "La Roda"]
[Date "2025.04.15"]
[Round "1.7"]
[White "Kanov, Nikola"]
[Black "Bibilashvili, Lali"]
[Result "1-0"]
[Annotator "RC"]
[ECO "B06"]
[WhiteElo "2413"]
[BlackElo "1883"]
[PlyCount "59"]
[EventDate "2025.04.15"]
[EventType "swiss"]
[EventCountry "ESP"]
[SourceTitle "playchess.com"]
[Source "ChessBase"]
[SourceQuality "1"]
[TimeControl "5400+30"]

1. e4 g6 2. d4 Bg7 3. Nc3 e6 4. h4 h5 5. Bg5 Bf6 6. Qd2 Bxg5 7. hxg5 d6 8. O-O-O Nd7 9. f4 Ne7 10. g4 c6 11. Be2 h4 12. Nf3 h3 13. d5 Nc5 14. dxc6 bxc6 15. Qxd6 Qb6 16. Ne5 Nb7 17. Qd3 h2 18. Qg3 Rb8 19. Nc4 Qc7 20. Rxh2 Rf8 21. Rdh1 a5 22. Rh8 Ng8 23. e5 Bd7 24. Ne4 a4 25. Rd1 Rd8 26. Ncd6+ Nxd6 27. exd6 Qb6 28. Rxg8 Rxg8 29. Nf6+ Kf8 30. Qh3 1-0

[Event "51st La Roda Open 2025"]
[Site "La Roda"]
[Date "2025.04.15"]
[Round "1.8"]
[White "Moreno Peinado, Julian Salvador"]
[Black "Valmana Canto, Jaime"]
[Result "0-1"]
[Annotator "RC"]
[ECO "B29"]
[WhiteElo "1878"]
[BlackElo "2385"]
[PlyCount "78"]
[EventDate "2025.04.15"]
[EventType "swiss"]
[EventCountry "ESP"]
[SourceTitle "playchess.com"]
[Source "ChessBase"]
[SourceQuality "1"]
[TimeControl "5400+30"]

1. e4 c5 2. Nc3 Nc6 3. Nf3 Nf6 4. g3 d5 5. exd5 Nxd5 6. h3 Nc7 7. Bg2 e5 8. d3 Be7 9. O-O O-O 10. Re1 f6 11. a4 Be6 12. Kh2 Qd7 13. Ng1 Bf7 14. f4 exf4 15. Bxf4 Ne6 16. Nge2 Nxf4 17. Nxf4 Bd6 18. Ncd5 Kh8 19. c4 Nd4 20. a5 Rae8 21. Re4 Be5 22. Qa4 Qd6 23. b4 g5 24. bxc5 Qb8 25. Rae1 gxf4 26. gxf4 Bxd5 27. cxd5 Bxf4+ 28. Kh1 Be5 29. Rxd4 Bxd4 30. Rxe8 Rxe8 31. Qxd4 Re1+ 32. Bf1 Rxf1+ 33. Kg2 Rf5 34. d6 Qg8+ 35. Kh2 Qa2+ 36. Kg3 Rg5+ 37. Kh4 Qf7 38. Qg4 Rxg4+ 39. hxg4 Qd5 0-1

[Event "51st La Roda Open 2025"]
[Site "La Roda"]
[Date "2025.04.15"]
[Round "1.9"]
[White "Yordanov, Lachezar"]
[Black "Juan Mas, Santiago"]
[Result "1-0"]
[Annotator "RC"]
[ECO "A58"]
[WhiteElo "2364"]
[BlackElo "1877"]
[PlyCount "99"]
[EventDate "2025.04.15"]
[EventType "swiss"]
[EventCountry "ESP"]
[SourceTitle "playchess.com"]
[Source "ChessBase"]
[SourceQuality "1"]
[TimeControl "5400+30"]

1. d4 c5 2. d5 g6 3. c4 Bg7 4. e4 d6 5. Nc3 a6 6. Be2 b5 7. cxb5 Nf6 8. bxa6 O-O 9. Nf3 Bg4 10. O-O Nxa6 11. a4 Nb4 12. Ra3 Nd7 13. Nb5 Nf6 14. h3 Bc8 15. Nc3 Ba6 16. b3 Bxe2 17. Qxe2 Ne8 18. Nb5 Nc7 19. Nxc7 Qxc7 20. Bb2 Bh6 21. Rd1 e5 22. dxe6 fxe6 23. Ne1 Rf7 24. Nd3 Raf8 25. Rf1 Qb6 26. Bc1 Bxc1 27. Nxc1 Nc6 28. Qc4 Nd4 29. Ne2 Nxe2+ 30. Qxe2 Qb4 31. Raa1 Qxb3 32. a5 d5 33. exd5 Qxd5 34. a6 Ra7 35. Rfe1 Re8 36. Qb5 Rea8 37. Qb6 Qc4 38. Rec1 Qe2 39. Qxc5 Rxa6 40. Rxa6 Qxa6 41. Qe5 Qa2 42. Rd1 Rf8 43. Qe3 Qa6 44. h4 Qc8 45. h5 gxh5 46. Qg5+ Kh8 47. Qe5+ Kg8 48. Rd3 Qc1+ 49. Kh2 Qf4+ 50. Rg3+ 1-0

[Event "51st La Roda Open 2025"]
[Site "La Roda"]
[Date "2025.04.15"]
[Round "1.10"]
[White "Amoes, Francisco"]
[Black "Sierra Vallina, Lionel"]
[Result "0-1"]
[Annotator "RC"]
[ECO "D11"]
[WhiteElo "1875"]
[BlackElo "2342"]
[PlyCount "66"]
[EventDate "2025.04.15"]
[EventType "swiss"]
[EventCountry "ESP"]
[SourceTitle "playchess.com"]
[Source "ChessBase"]
[SourceQuality "1"]
[TimeControl "5400+30"]

1. d4 d5 2. Nf3 Nf6 3. g3 Bf5 4. Bg2 e6 5. O-O Be7 6. c4 c6 7. Nc3 h6 8. Qb3 Qb6 9. Qxb6 axb6 10. cxd5 exd5 11. Bf4 Nbd7 12. Ne5 b5 13. Nxd7 Bxd7 14. Be5 b4 15. Nd1 O-O 16. Ne3 Ra6 17. Rfb1 Rfa8 18. a3 b5 19. Nc2 bxa3 20. bxa3 Bxa3 21. Rxa3 Rxa3 22. Nxa3 Rxa3 23. f3 Ra2 24. Kf1 Bf5 25. Rc1 b4 26. Bxf6 gxf6 27. e4 dxe4 28. fxe4 Rxg2 29. exf5 Rxh2 30. Rxc6 b3 31. Rc8+ Kg7 32. Rb8 b2 33. Kg1 Rc2 0-1

[Event "51st La Roda Open 2025"]
[Site "La Roda"]
[Date "2025.04.15"]
[Round "1.11"]
[White "Centron Antuna, Daniel"]
[Black "Goncalves, Goncalo Cravo Jesus"]
[Result "1-0"]
[Annotator "RC"]
[ECO "B12"]
[WhiteElo "2299"]
[BlackElo "1871"]
[PlyCount "85"]
[EventDate "2025.04.15"]
[EventType "swiss"]
[EventCountry "ESP"]
[SourceTitle "playchess.com"]
[Source "ChessBase"]
[SourceQuality "1"]
[TimeControl "5400+30"]

1. e4 c6 2. d4 d5 3. e5 Bf5 4. Nf3 e6 5. Be2 Ne7 6. O-O Ng6 7. Be3 Nd7 8. Nbd2 f6 9. Ne1 h5 10. Bxh5 fxe5 11. g4 Rxh5 12. gxh5 Nh8 13. dxe5 Nxe5 14. Bf4 Nhf7 15. Qe2 Qf6 16. Bg3 Bc5 17. Nd3 Nxd3 18. cxd3 Bd4 19. Rfe1 O-O-O 20. Nb3 Bxb2 21. Rab1 Bd4 22. Rec1 Ng5 23. h4 Bxf2+ 24. Bxf2 Nh3+ 25. Kh2 Bxd3 26. Qxd3 Nxf2 27. Qe2 Qxh4+ 28. Kg2 Ne4 29. Qf3 Qe7 30. Qg4 Nf6 31. Qg6 Rh8 32. Na5 Qa3 33. Nxb7 Qxa2+ 34. Kg1 Qa4 35. Nd6+ Kc7 36. Nb5+ Kc8 37. Rxc6+ Kd8 38. Rd6+ Kc8 39. Rc1+ Kb8 40. Qg3 e5 41. Rb1 Ne4 42. Qxg7 Nxd6 43. Nxd6+ 1-0

[Event "51st La Roda Open 2025"]
[Site "La Roda"]
[Date "2025.04.15"]
[Round "1.12"]
[White "Da Silva, Reinaldo S.B."]
[Black "Gonzalez Castillo, Jose Javier"]
[Result "0-1"]
[Annotator "RC"]
[ECO "A30"]
[WhiteElo "2340"]
[BlackElo "2297"]
[PlyCount "48"]
[EventDate "2025.04.15"]
[EventType "swiss"]
[EventCountry "ESP"]
[SourceTitle "playchess.com"]
[Source "ChessBase"]
[SourceQuality "1"]
[TimeControl "5400+30"]

1. Nf3 c5 2. b3 Nf6 3. Bb2 e6 4. e3 Be7 5. Be2 b6 6. O-O Bb7 7. d4 O-O 8. c4 cxd4 9. Nxd4 Qc8 10. Nd2 Rd8 11. a3 d6 12. Bf3 Nbd7 13. Qe2 Bxf3 14. gxf3 Nf8 15. f4 e5 16. Nb5 Ng6 17. fxe5 dxe5 18. Rad1 a6 19. Nc3 Nh4 20. Nde4 Qh3 21. Nxf6+ gxf6 22. Rxd8+ Rxd8 23. f3 Kh8 24. Kh1 Rd2 0-1

[Event "51st La Roda Open 2025"]
[Site "La Roda"]
[Date "2025.04.15"]
[Round "1.13"]
[White "Gomez Falagan, Daniel"]
[Black "Alvarez Sanchez, Mauro"]
[Result "1-0"]
[Annotator "RC"]
[ECO "E91"]
[WhiteElo "2254"]
[BlackElo "1863"]
[PlyCount "57"]
[EventDate "2025.04.15"]
[EventType "swiss"]
[EventCountry "ESP"]
[SourceTitle "playchess.com"]
[Source "ChessBase"]
[SourceQuality "1"]
[TimeControl "5400+30"]

1. d4 Nf6 2. c4 g6 3. Nc3 Bg7 4. e4 d6 5. Nf3 Bg4 6. Be2 Nbd7 7. Be3 O-O 8. O-O Bxf3 9. Bxf3 e5 10. d5 Kh8 11. b4 Ne8 12. c5 f5 13. cxd6 Nxd6 14. Rc1 Nf6 15. exf5 Nxf5 16. Bg5 Qd7 17. Re1 Nd4 18. Be4 Nxe4 19. Nxe4 a5 20. a3 axb4 21. axb4 Ra2 22. Be3 Qxd5 23. Nc3 Qf7 24. Nxa2 Qxa2 25. Rxc7 Qd5 26. Qc1 Qb5 27. Bh6 Ne6 28. Bxg7+ Nxg7 29. Qc5 1-0

[Event "51st La Roda Open 2025"]
[Site "La Roda"]
[Date "2025.04.15"]
[Round "1.14"]
[White "Roche Fraile, Carlos"]
[Black "Goncalves, Samuel Jesus P"]
[Result "0-1"]
[Annotator "RC"]
[ECO "B22"]
[WhiteElo "1856"]
[BlackElo "2248"]
[PlyCount "76"]
[EventDate "2025.04.15"]
[EventType "swiss"]
[EventCountry "ESP"]
[SourceTitle "playchess.com"]
[Source "ChessBase"]
[SourceQuality "1"]
[TimeControl "5400+30"]

1. e4 c5 2. c3 d5 3. exd5 Qxd5 4. d4 e6 5. Nf3 Nf6 6. Na3 a6 7. Nc2 Nc6 8. Be2 cxd4 9. Ncxd4 Nxd4 10. Qxd4 Bc5 11. Qxd5 Nxd5 12. Bc4 Nb6 13. Bd3 f6 14. O-O Bd7 15. Re1 O-O-O 16. b4 Bf8 17. Be3 Nd5 18. Bc4 Nxe3 19. Rxe3 e5 20. Rd1 Be7 21. Red3 Kc7 22. Ne1 f5 23. Nc2 f4 24. Bb3 Bf6 25. f3 g5 26. a4 Rhe8 27. Na3 e4 28. fxe4 Rxe4 29. Kf2 Bg4 30. Rxd8 Bxd8 31. Rd3 Bf6 32. b5 Re2+ 33. Kg1 Be7 34. h3 Bf5 35. Rd5 Be6 36. b6+ Kc6 37. Bc4 Bxd5 38. Bxe2 Bxa3 0-1

[Event "51st La Roda Open 2025"]
[Site "La Roda"]
[Date "2025.04.15"]
[Round "1.15"]
[White "Garcia Jimenez, Santiago"]
[Black "De Martin Burtseva, Ivan"]
[Result "1-0"]
[Annotator "RC"]
[ECO "D30"]
[WhiteElo "2241"]
[BlackElo "1851"]
[PlyCount "49"]
[EventDate "2025.04.15"]
[EventType "swiss"]
[EventCountry "ESP"]
[SourceTitle "playchess.com"]
[Source "ChessBase"]
[SourceQuality "1"]
[TimeControl "5400+30"]

1. c4 e6 2. Nf3 Nf6 3. g3 d5 4. Bg2 Be7 5. O-O O-O 6. b3 c5 7. cxd5 exd5 8. d4 Nc6 9. Bb2 Bf5 10. dxc5 Bxc5 11. Nc3 Rc8 12. a3 Be4 13. Rc1 Qe7 14. b4 Bb6 15. Na4 Bc7 16. Nc5 Rfd8 17. Nxb7 Rd7 18. Rxc6 d4 19. Rxc7 Rdxc7 20. Nc5 Bxf3 21. Bxf3 Nd7 22. Qxd4 f6 23. Bg4 Ne5 24. Qd5+ Kh8 25. Bxc8 1-0

[Event "51st La Roda Open 2025"]
[Site "La Roda"]
[Date "2025.04.15"]
[Round "1.16"]
[White "Carrilero Moya, Pablo"]
[Black "Aishwin Daniel"]
[Result "0-1"]
[Annotator "RC"]
[ECO "E21"]
[WhiteElo "1844"]
[BlackElo "2236"]
[PlyCount "64"]
[EventDate "2025.04.15"]
[EventType "swiss"]
[EventCountry "ESP"]
[SourceTitle "playchess.com"]
[Source "ChessBase"]
[SourceQuality "1"]
[TimeControl "5400+30"]

1. d4 e6 2. c4 f5 3. Nf3 Nf6 4. Nc3 Bb4 5. Bd2 O-O 6. e3 d6 7. a3 Bxc3 8. Bxc3 Ne4 9. Qc2 b6 10. Be2 Bb7 11. Rd1 Nd7 12. d5 e5 13. Nd2 Nxc3 14. Qxc3 a5 15. b4 Rf6 16. e4 f4 17. Bg4 Nf8 18. h4 Bc8 19. Bf3 Rh6 20. h5 Qg5 21. Ke2 Bd7 22. Rdg1 Rf6 23. b5 h6 24. g3 Nh7 25. Rh2 fxg3 26. Rxg3 Qf4 27. Rhg2 Ng5 28. Kd3 Nxf3 29. Rxg7+ Kh8 30. Rxd7 Ne1+ 31. Ke2 Nxg2 32. f3 Rf7 0-1

[Event "51st La Roda Open 2025"]
[Site "La Roda"]
[Date "2025.04.15"]
[Round "1.17"]
[White "Nomindalai Tumurbaatar"]
[Black "Sahuquillo Chueco, Francisco"]
[Result "1-0"]
[Annotator "RC"]
[ECO "E67"]
[WhiteElo "2211"]
[BlackElo "1835"]
[PlyCount "95"]
[EventDate "2025.04.15"]
[EventType "swiss"]
[EventCountry "ESP"]
[SourceTitle "playchess.com"]
[Source "ChessBase"]
[SourceQuality "1"]
[TimeControl "5400+30"]

1. d4 Nf6 2. c4 d6 3. Nf3 g6 4. Nc3 Bg7 5. g3 Nbd7 6. Bg2 O-O 7. O-O e5 8. dxe5 dxe5 9. h3 c6 10. Be3 Qc7 11. Qb3 Re8 12. Rfd1 Bf8 13. Nd2 Kg7 14. Na4 Qa5 15. a3 Nc5 16. Nxc5 Bxc5 17. Bg5 Ng8 18. Ne4 f6 19. Bd2 Qb6 20. Nxc5 Qxc5 21. Be3 Qe7 22. Rd2 Be6 23. Rad1 Nh6 24. Bxh6+ Kxh6 25. Rd6 Qf7 26. Qe3+ Kg7 27. c5 Re7 28. g4 Bb3 29. R1d2 a5 30. h4 a4 31. g5 f5 32. h5 f4 33. Qd3 Qf5 34. Qxf5 gxf5 35. Rf6 Rf8 36. h6+ Kg8 37. Bh3 Be6 38. e4 Rxf6 39. gxf6 Rd7 40. Rd6 Rxd6 41. cxd6 Kf7 42. Bxf5 Bxf5 43. exf5 Kxf6 44. Kg2 e4 45. Kh3 b5 46. Kg4 f3 47. Kf4 c5 48. Kxe4 1-0

[Event "51st La Roda Open 2025"]
[Site "La Roda"]
[Date "2025.04.15"]
[Round "1.18"]
[White "Leiva Raya, Nicolas"]
[Black "Cuellar Montes, Alejandro"]
[Result "0-1"]
[Annotator "RC"]
[ECO "D02"]
[WhiteElo "1831"]
[BlackElo "2200"]
[PlyCount "148"]
[EventDate "2025.04.15"]
[EventType "swiss"]
[EventCountry "ESP"]
[SourceTitle "playchess.com"]
[Source "ChessBase"]
[SourceQuality "1"]
[TimeControl "5400+30"]

1. d4 Nf6 2. Bf4 d5 3. e3 e6 4. Nd2 Bd6 5. Bg3 O-O 6. Bd3 c5 7. c3 Qc7 8. Ngf3 Nbd7 9. Rc1 Bxg3 10. hxg3 e5 11. dxe5 Nxe5 12. Nxe5 Qxe5 13. Nf3 Qe7 14. Qa4 h6 15. Qf4 Re8 16. Bb5 Bd7 17. Bxd7 Qxd7 18. Nd2 d4 19. cxd4 cxd4 20. e4 Qb5 21. b3 Rac8 22. Rc4 Rxc4 23. bxc4 Qc6 24. O-O Nxe4 25. Nxe4 Rxe4 26. Qb8+ Kh7 27. Qxa7 d3 28. f3 Rxc4 29. Qe3 Qd5 30. Rd1 Rc3 31. Rd2 Ra3 32. Qe4+ Qxe4 33. fxe4 Kg6 34. Kf2 Kf6 35. Rb2 Ke5 36. Ke3 d2+ 37. Kxd2 Rxg3 38. Rxb7 Rxg2+ 39. Ke3 Rxa2 40. Rxf7 Ra3+ 41. Kf2 g5 42. Re7+ Kf4 43. e5 Ra2+ 44. Kf1 Ra6 45. Re8 Kf5 46. Kg2 Re6 47. Rh8 Kxe5 48. Kg3 Kf5 49. Rf8+ Rf6 50. Ra8 h5 51. Ra5+ Kg6 52. Ra4 Rb6 53. Ra3 h4+ 54. Kg4 Rb4+ 55. Kh3 Kh5 56. Ra5 Rb3+ 57. Kg2 h3+ 58. Kh2 Kh4 59. Ra8 Rb2+ 60. Kh1 g4 61. Ra4 Rf2 62. Kg1 Rf3 63. Kh2 Rf2+ 64. Kg1 Re2 65. Rb4 Kg3 66. Rb1 Re4 67. Rb3+ Kf4 68. Kh2 Re2+ 69. Kg1 g3 70. Rb1 Re4 71. Rf1+ Kg4 72. Rb1 h2+ 73. Kg2 Re2+ 74. Kh1 Kh3 0-1